 Dungeon Crawl Stone Soup version 0.19-a0-1899-g2d93087 (webtiles) character file.

142 MrRokkomies the Conjurer (level 4, -4/37 HPs)
             Began as a Demigod Conjurer on Oct 20, 2016.
             Killed themself with a badly aimed bolt of lightning (10 damage)
             ... on level 2 of the Dungeon.
             The game lasted 00:04:18 (1641 turns).

MrRokkomies the Conjurer (Demigod Conjurer)         Turns: 1641, Time: 00:04:19

Health: -4/37      AC:  5    Str: 11    XL:     4   Next: 75%
Magic:  2/9        EV: 11    Int: 21    God:
Gold:   106        SH:  0    Dex: 16    Spells: 2 memorised, 3 levels left

rFire  . . .     SeeInvis .     a - +2 mace (crush)
rCold  . . .     Gourm    .     d - +0 ring mail
rNeg   . . .     Faith    .     (no shield)
rPois  .         Spirit   .     (no helmet)
rElec  .         Reflect  .     (no cloak)
rCorr  .         Harm     .     (no gloves)
MR     .....                    (no boots)
Stlth  +.........               (no amulet)
                                (no ring)
                                (no ring)

@: lethally poisoned (-4 -> -11), very slightly contaminated
A: high mp 1
a: no special abilities


You were on level 2 of the Dungeon.
You were not hungry.

You visited 1 branch of the dungeon, and saw 2 of its levels.

You collected 106 gold pieces.

Inventory:

Hand Weapons
 a - a +2 mace of crushing (weapon)
Armour
 d - a +0 ring mail (worn)
 f - a +1 cloak
Wands
 i - a wand of random effects (28/48)
Scrolls
 e - a scroll of teleportation {unknown}
 g - a scroll of fog
 j - 2 scrolls of identify
 l - a scroll of magic mapping {unknown}
Potions
 h - a potion of haste
 k - 2 potions of flight
Books
 b - a book of Conjurations

   Spells                             Type                      Level
   a - Magic Dart                     Conjuration                  1
   b - Searing Ray                    Conjuration                  2
   c - Dazzling Spray                 Conjuration/Hexes            3
   d - Fulminant Prism                Conjuration/Hexes            4
   e - Iskenderun's Mystic Blast      Conjuration                  4
   f - Iskenderun's Battlesphere      Conjuration/Charms           5
Comestibles
 c - 2 bread rations


   Skills:
 * Level 2.9 Fighting
 - Level 1.7 Dodging
 - Level 1.7 Stealth
 - Level 1.7 Spellcasting
 * Level 4.8 Conjurations


You had 3 spell levels left.
You knew the following spells:

 Your Spells              Type           Power        Failure   Level  Hunger
a - Magic Dart            Conj           ###.         6%          1    #......
b - Searing Ray           Conj           ###...       10%         2    ###....


Dungeon Overview and Level Annotations

Branches:
Dungeon (2/15)


Innate Abilities, Weirdness & Mutations

You have an increased reservoir of magic. (+10% MP)


Message History

m - a runed mace
* * * LOW HITPOINT WARNING * * *
You feel sick.
Wield which item (- for none, * to show all)? (? for menu, Esc to quit)
m - a +4 mace (weapon)
Wield which item (- for none, * to show all)? (? for menu, Esc to quit)
a - a +2 mace of crushing (weapon)
* * * LOW HITPOINT WARNING * * *
You feel sick.
Drop what? 13/52 slots (_ for help) (? for menu, Esc to quit)
You drop a +4 mace.
* * * LOW HITPOINT WARNING * * *
You feel sick.
Evoke which item? (* to show all) (? for menu, Esc to quit)
Zapping:
i - a wand of random effects (will waste charges)
Press: ? - help, Shift-Dir - straight line, f - you Really target yourself?
You hear a mighty clap of thunder!
The bolt of lightning hits you!
You die...

.............#
#......#.# #.#
[............#
#......#.#
.............#
######.#
............##
###
#.....#'#...#
#.###.#.#####
##### #.#
#.#.# #).)#
######### #.#
..#.# #)))#
#........
#.#.###.#
#@))#
#..#†....
#.#.#.#.####
##'##
#........
#.#...#....#


7)77 #....#### #.###.####.# 77)7 #........ #........#.# 7)77 #........
......##.#.# 77)7 #........ ########.#.# 77)77 #.....#.# .........#.# 77..)7
#..#.#... ##########.# 7P...7 #..#+#### There were no monsters in sight!

Vanquished Creatures
  Crazy Yiuf (D:2)
  Natasha (thrice) (D:2)
  A worm (D:2)
  A leopard gecko (D:1)
  2 giant cockroaches (D:1)
  3 goblins
  8 hobgoblins
  7 jackals (D:1)
  A kobold (D:1)
  2 bats
  2 frilled lizards (D:1)
  4 rats
35 creatures vanquished.

Notes
Turn   | Place    | Note
-------+----------+-------------------------------------------
     0 | D:1      | MrRokkomies the Demigod Conjurer began the quest for the Orb.
     0 | D:1      | Reached XP level 1. HP: 14/14 MP: 5/5
   214 | D:1      | Reached skill level 1 in Fighting
   274 | D:1      | Reached XP level 2. HP: 23/23 MP: 4/7
   537 | D:1      | Reached skill level 4 in Conjurations
   806 | D:2      | Noticed Natasha
   811 | D:2      | Killed Natasha
   811 | D:2      | Reached XP level 3. HP: 29/29 MP: 3/8
   815 | D:2      | Learned a level 2 spell: Searing Ray
  1232 | D:2      | Noticed Natasha
  1238 | D:2      | Killed Natasha
  1238 | D:2      | Reached XP level 4. HP: 32/36 MP: 3/9
  1519 | D:2      | Noticed Natasha
  1523 | D:2      | Killed Natasha
  1616 | D:2      | Found a runed door.
  1625 | D:2      | Noticed Crazy Yiuf
  1633 | D:2      | Killed Crazy Yiuf
  1641 | D:2      | Killed themself with a badly aimed bolt of lightning

Vault maps used:
D:1:      kilobyte_arrival_exit_the_forest
D:2:      uniq_crazy_yiuf_cottage, uniq_natasha

Skill      XL: |  1  2 |
---------------+-------+-----
Fighting       | 1 2 |  2.9
Conjurations   | 4 |  4.8
Dodging        | |  1.7
Stealth        | |  1.7
Spellcasting   | |  1.7

Action                   |  1- 3 |  4- 6 || total
-------------------------+-------+-------++-------
Melee: Short sword       |    72 |    14 ||    86
       Mace              |       |     1 ||     1
 Cast: Magic Dart        |    28 |    10 ||    38
  Use: Scroll            |     6 |     1 ||     7
 Stab: Sleeping          |     2 |       ||     2
  Eat: Chunk             |     1 |     2 ||     3
Armor: Ring mail         |    19 |     3 ||    22
Dodge: Dodged            |    47 |     6 ||    53
